 Dungeon Crawl Stone Soup version 0.28.0-45-g0d030f2227 (webtiles) character file.

Game seed: 11278647636905430493

4648 sking99 the Fighter (level 10, -1/104 HPs)
             Began as an Ogre Air Elementalist on May 29, 2022.
             Was a Priest of Sif Muna.
             Slain by an 11-headed hydra (8 damage)
             ... on level 8 of the Dungeon.
             The game lasted 00:33:17 (12379 turns).

sking99 the Fighter (Ogre Air Elementalist)        Turns: 12379, Time: 00:33:18

Health: -1/104     AC:  4    Str: 19    XL:     10   Next: 43%
Magic:  1/16       EV: 12    Int: 18    God:    Sif Muna [***...]
Gold:   1518       SH:  0    Dex: 12    Spells: 7/17 levels left

rFire   . . .      SeeInvis .   u - +12 lajatang of Kexu {speed, Str+5 Int-2 Dex+3}
rCold   . . .      Faith    .   (shield currently unavailable)
rNeg    . . .      Spirit   .   a - +0 robe
rPois   +          Reflect  .   (helmet restricted)
rElec   .          Harm     .   r - +0 cloak
rCorr   .          Rampage  .   (gloves unavailable)
Will    +....                   (boots unavailable)
Stlth   ++........              (no amulet)
HPRegen 0.27/turn               b - ring of poison resistance
MPRegen 0.15/turn               x - ring of flight

@: flying
A: large, unfitting armour, tough skin 1
a: Renounce Religion, Channel Magic, Forget Spell


You were on level 8 of the Dungeon.
You worshipped Sif Muna.
Sif Muna was most pleased with you.
You visited 1 branch of the dungeon, and saw 8 of its levels.
You also visited: Ossuary.

You collected 1518 gold pieces.

Inventory:

Hand Weapons
 u - the +12 lajatang of Kexu (weapon) {speed, Str+5 Int-2 Dex+3}
   (You found it on level 7 of the Dungeon)

   Attacks with this weapon are significantly faster.
   Str:       It affects your strength (+5).
   Int:       It affects your intelligence (-2).
   Dex:       It affects your dexterity (+3).
Missiles
 d - 4 throwing nets
Armour
 a - a +0 robe (worn)
 p - a scarf of resistance
 r - a +0 cloak (worn)
Jewellery
 b - a ring of poison resistance (left hand)
 k - an amulet of guardian spirit
 x - a ring of flight (right hand)
Wands
 w - a wand of mindburst (11)
Scrolls
 e - a scroll of blinking
 g - a scroll of enchant weapon
 l - 2 scrolls of vulnerability
 v - a scroll of teleportation
 y - a scroll of immolation {unknown}
Potions
 c - 2 potions of degeneration {unknown}
 f - 2 potions of brilliance
 h - a potion of attraction {unknown}
 i - 3 potions of heal wounds {unknown}
 j - a potion of invisibility {unknown}
 m - 4 potions of berserk rage
 n - 4 potions of might
 o - a potion of cancellation {unknown}
 q - a potion of ambrosia {unknown}
 s - a potion of mutation {unknown}
 t - a potion of magic {unknown}


   Skills:
 - Level 8.0 Fighting
 * Level 4.1 Staves
 + Level 6.4 Dodging
 - Level 1.4 Stealth
 - Level 4.0 Spellcasting
 - Level 2.5 Conjurations
 - Level 7.7 Air Magic
 + Level 7.0 Invocations


You had 7 spell levels left.
You knew the following spells:

 Your Spells              Type           Power      Damage    Failure   Level
a - Shock                 Conj/Air       88%        1d8       1%          1
b - Static Discharge      Conj/Air       22%        N/A       2%          2
c - Airstrike             Air            15%        N/A       6%          4
z - Swiftness             Air            31%        N/A       1%          3

Your spell library contained the following spells:

 Spells                   Type           Power      Damage    Failure   Level
 Summon Lightning Spire   Summ/Air       17%        N/A       30%         4
 Lightning Bolt           Conj/Air       11%        1d24      45%         5
 Sticky Flame             Conj/Fire      8%         2d3       65%         4
 Dispel Undead            Necr           3%         3d7       82%         4


Dungeon Overview and Level Annotations

Branches:
Dungeon (8/15)             Temple (0/1) D:5         Ossuary (visited)
   Lair: D:8-11

Altars:
Sif Muna
Zin

Shops:
D:7 !


Innate Abilities, Weirdness & Mutations

You are too large for most types of armour.
You have tough skin. (AC +1)


Message History

The nine-headed hydra bites you! The nine-headed hydra bites you.
The nine-headed hydra bites you!
The nine-headed hydra closely misses you.
The nine-headed hydra bites you! x2
The nine-headed hydra closely misses you.
You barely miss the nine-headed hydra.
The nine-headed hydra is almost dead.
The black bear barely misses you. The black bear claws you.
The black bear barely misses you.
Casting: Airstrike (dangerous; 6% risk of failure)
Confirm with . or Enter, or press ? or * to list all spells.
You don't have enough magic to cast this spell.
Unknown command.
Things that are here:
a +0 trident; a +0 leather armour; an orc corpse
Things that are here:
a +0 dagger; a +0 leather armour You lop one of the nine-headed hydra's heads off!
The eight-headed hydra grows two more!
You hit the ten-headed hydra.
The ten-headed hydra is almost dead.
The ten-headed hydra bites you! The ten-headed hydra bites you.
* * * LOW HITPOINT WARNING * * *
The ten-headed hydra closely misses you. x2
The ten-headed hydra bites you but does no damage.
The ten-headed hydra bites you!
* * * LOW HITPOINT WARNING * * *
The ten-headed hydra bites you but does no damage.
The ten-headed hydra bites you!
* * * LOW HITPOINT WARNING * * *
The ten-headed hydra bites you.
* * * LOW HITPOINT WARNING * * *
The ten-headed hydra bites you but does no damage.
Okay, then.
You hack one of the ten-headed hydra's heads off!
The nine-headed hydra grows two more!
You slice the 11-headed hydra!!
The 11-headed hydra is almost dead.
The 11-headed hydra bites you.
* * * LOW HITPOINT WARNING * * *
The 11-headed hydra bites you!
You die...

#...........# #..#.....
#.........# ###..#.....
#........# ###.#..##....
#..g...# ##....#.##....
#..)g.# ##.>......##...
#..## ##.........##...
##.g#####..........###..
#...)gh#................
#..####D@...>.......####.
#...# #............## ##
#..## ##...........## .##
##...........##
#............########
#..........#......##.
###.......##.##......
##.....###.##......
##...## #.##..#.#.


You could see a 11-headed hydra, a black bear and 2 gnolls.

Vanquished Creatures
  Harold (D:7)
  Pikel (D:7)
  An ugly thing (D:8)
  A hornet (D:7)
  A wyvern (D:7)
  Sigmund (D:3)
  Eustachio (D:6)
  A water moccasin (D:7)
  An ice beast (D:8)
  A sky beast (D:6)
  An orc warrior (D:7)
  4 necrophages
  3 ogres
  2 centaurs
  A wolf (D:8)
  3 kobold brigands
  A lemure (D:7)
  A wyvern zombie (D:8)
  A bullfrog (D:7)
  A scorpion (D:6)
  A wyvern skeleton (D:7)
  A water moccasin skeleton (D:4)
  2 howler monkeys
  2 centaur zombies
  A bullfrog zombie (D:6)
  A gnoll shaman (D:5)
  A hound (D:4)
  A bullfrog skeleton (D:7)
  5 iguanas
  An orc wizard (D:5)
  A centaur simulacrum (D:8)
  A hound skeleton (D:5)
  8 mummies (Ossuary)
  5 gnolls (D:5)
  5 adders
  A shadow imp (D:6)
  A white imp (D:8)
  3 ufetubi
  3 worms
  4 dart slugs
  17 orcs
  10 ball pythons
  10 bats
  8 endoplasms
  6 giant cockroaches
  13 hobgoblins
  2 jackals (D:2)
  20 kobolds
  5 quokkas
  6 frilled lizards
  5 goblins
  3 hobgoblin zombies (Ossuary)
  A kobold zombie (Ossuary)
  4 orc zombies (Ossuary)
  2 quokka zombies (D:5)
  9 rats
197 creatures vanquished.

Vanquished Creatures (others)
  33 plants
33 creatures vanquished.

Grand Total: 230 creatures vanquished

Notes
Turn   | Place    | Note
-------+----------+-------------------------------------------
     0 | D:1      | sking99 the Ogre Air Elementalist began the quest for the
                  | Orb.
     0 | D:1      | Reached XP level 1. HP: 16/16 MP: 3/3
   328 | D:1      | Reached skill level 1 in Conjurations
   466 | D:1      | Reached XP level 2. HP: 20/26 MP: 1/5
   541 | D:1      | Found a faded altar of an unknown god.
   545 | D:1      | Reached skill level 1 in Fighting
   651 | D:1      | Learned a level 2 spell: Static Discharge
  1094 | D:1      | Reached XP level 3. HP: 32/33 MP: 2/7
  2587 | D:2      | Reached skill level 2 in Fighting
  2861 | D:2      | Reached XP level 4. HP: 42/42 MP: 3/8
  3039 | D:2      | Found a shimmering blue altar of Sif Muna.
  3060 | D:2      | Became a worshipper of Sif Muna the Loreminder
  3117 | D:2      | Learned a level 4 spell: Airstrike
  4130 | D:3      | Noticed Sigmund
  4163 | D:3      | Killed Sigmund
  4164 | D:3      | Reached skill level 4 in Fighting
  4164 | D:3      | Reached XP level 5. HP: 54/55 MP: 1/10
  4164 | D:3      | Reached XP level 6. HP: 62/63 MP: 1/11
  4439 | D:3      | Learned a level 3 spell: Swiftness
  4461 | D:3      | Noticed a necrophage
  4478 | D:3      | Killed a necrophage
  4478 | D:3      | Reached * piety under Sif Muna
  4914 | D:4      | Reached skill level 5 in Fighting
  5143 | D:4      | Reached XP level 7. HP: 53/72 MP: 6/12
  5343 | D:4      | Reached skill level 1 in Invocations
  5660 | D:5      | Entered Level 5 of the Dungeon
  5663 | D:5      | Identified a scroll of acquirement
  5663 | D:5      | Acquired 886 gold pieces
  6013 | D:5      | Found a sand-covered staircase.
  6037 | Ossuary  | Entered an ossuary
  6360 | Ossuary  | Reached ** piety under Sif Muna
  6429 | Ossuary  | Reached skill level 6 in Fighting
  6757 | D:5      | Reached XP level 8. HP: 73/83 MP: 8/13
  6763 | D:5      | Reached skill level 5 in Air Magic
  7411 | D:5      | Found a staircase to the Ecumenical Temple.
  8219 | D:6      | Reached skill level 7 in Fighting
  8748 | D:6      | Identified the +0 leather armour of Xaczolagg {Str+4}
  8789 | D:6      | Reached XP level 9. HP: 81/93 MP: 1/14
  9036 | D:6      | Noticed Eustachio
  9062 | D:6      | Killed Eustachio
  9424 | D:7      | Reached *** piety under Sif Muna
  9638 | D:7      | Identified the +12 lajatang of Kexu {speed, Str+5 Int-2
                  | Dex+3}
  9719 | D:7      | Noticed a hornet
  9732 | D:7      | Paralysed by a hornet for 1 turns
  9734 | D:7      | Killed a hornet
  9735 | D:7      | Reached skill level 8 in Fighting
  9735 | D:7      | Reached skill level 5 in Dodging
  9735 | D:7      | Reached skill level 5 in Invocations
 10339 | D:7      | Noticed Harold
 10352 | D:7      | Killed Harold
 10738 | D:7      | Reached XP level 10. HP: 104/104 MP: 10/16
 10875 | D:7      | Reached skill level 1 in Staves
 10976 | D:7      | Noticed Pikel
 10988 | D:7      | Killed Pikel
 11286 | D:7      | Found Olueshre's Distillery.
 11369 | D:7      | Found a glowing silver altar of Zin.
 11498 | D:8      | Acquired a ring of flight
 11935 | D:8      | Noticed a brown ugly thing
 11958 | D:8      | Killed a brown ugly thing
 12365 | D:8      | Noticed an eight-headed hydra
 12379 | D:8      | Slain by an 11-headed hydra

Illustrated notes

Levels and vault maps discovered:
D:1:      dpeg_arrival_water_temple_mockup, layout_loops_corners,
          ebering_ecumenical_altar_webs, serial_bayou_ford_a, st_stairs_3,
          serial_bayou_crossing
D:2:      minmay_chambers_of_twos, layout_basic, basic_altar,
          minmay_statues_item, chequers_decorated_corner, serial_bayou_lagoon_a,
          minmay_surrounded
D:3:      layout_basic, uniq_sigmund
D:4:      layout_cave_pools
D:5:      layout_cave_pods, minmay_temple_entry_slanted, enter_ossuary_4
D:6:      layout_basic, roderic_lattice_a, uniq_eustachio
D:7:      layout_loops_ring, mainiacjoe_overflow_alcove_1, serial_shops, shop,
          enter_bailey_6, minmay_misc_feat_tower, uniq_pikel, uniq_harold
D:8:      layout_cave_pods, serial_ice, serial_ice_b, serial_ice_d,
          serial_ice_g, serial_ice_l, uniq_psyche

Skill      XL: |  1  2  3  4  5  6  7  8  9 10 |
---------------+-------------------------------+-----
Conjurations   | 1 2 |  2.5
Fighting       | 1 2 4 5 6 7 8 |  8.0
Air Magic      | 3 4 5 7 |  7.7
Spellcasting   | 3 4 |  4.0
Dodging        | 2 3 4 5 6 |  6.4
Invocations    | 2 4 6 7 |  7.0
Staves         | 4 |  4.1
Stealth        | |  1.4

Action                   |  1- 3 |  4- 6 |  7- 9 | 10-12 || total
-------------------------+-------+-------+-------+-------++-------
Melee: Unarmed           |     4 |       |     3 |       ||     7
       Lajatang          |       |       |     8 |    29 ||    37
 Cast: Shock             |   117 |   105 |   254 |    34 ||   510
       Static Discharge  |       |     1 |    14 |     1 ||    16
       Airstrike         |       |       |     7 |    22 ||    29
  Use: Scroll            |       |       |    16 |     1 ||    17
       Potion            |       |       |     2 |       ||     2
Armor: Robe              |    16 |    14 |    24 |     8 ||    62
Dodge: Dodged            |    23 |    19 |    88 |    27 ||   157
